 Dungeon Crawl Stone Soup version 0.23.2-1-ga50397a6bc (webtiles) character file.

Game seed: 4599085885310829514

3791 Revguard the Cleaver (level 9, -1/68 HPs)
             Began as a Demonspawn Gladiator on Apr 18, 2019.
             Was a Believer of Trog.
             Slain by an eight-headed hydra (4 damage)
             ... on level 8 of the Dungeon.
             The game lasted 00:20:54 (7241 turns).

Revguard the Cleaver (Demonspawn Gladiator)         Turns: 7241, Time: 00:20:55

Health: -1/68      AC:  7    Str: 17    XL:     9   Next: 95%
Magic:  0/13       EV: 10    Int: 10    God:    Trog [**....]
Gold:   355        SH:  4    Dex: 15    Spells: 8/8 levels left

rFire    . . .     SeeInvis .   a - +0 war axe
rCold    . . .     Gourm    .   (no shield)
rNeg     + . .     Faith    .   i - +0 plate armour
rPois    .         Spirit   +   (helmet restricted)
rElec    .         Reflect  .   (no cloak)
rCorr    .         Harm     .   (no gloves)
MR       ++...     Rnd*Tele +   (boots unavailable)
Stlth    ..........             r - amulet of the acrobat
HPRegen  1.21/turn              e - +3 ring of evasion
MPRegen  0.13/turn              o - ring of positive energy

@: berserk cooldown, regenerating, slowed, very slow
A: horns 1, talons 3, large bone plates 1, deformed body, teleportitis 1, magic
shield, subdued magic 1
a: Berserk, Trog's Hand, Renounce Religion


You were on level 8 of the Dungeon.
You worshipped Trog.
Trog was pleased with you.
You were hungry.

You visited 2 branches of the dungeon, and saw 9 of its levels.

You collected 355 gold pieces.

Inventory:

Hand Weapons
 a - a +0 war axe (weapon)
Missiles
 d - 3 throwing nets (quivered)
Armour
 b - a +0 leather armour
 c - a +0 helmet
 i - a +0 plate armour (worn)
Jewellery
 e - a +3 ring of evasion (left hand)
 j - a +4 ring of intelligence
 o - a ring of positive energy (right hand)
 r - an amulet of the acrobat (around neck)
Wands
 s - a wand of digging (6)
 u - a wand of iceblast (3)
Scrolls
 g - a scroll of identify
 h - 4 scrolls of amnesia
 k - 4 scrolls of teleportation
 m - 4 scrolls of remove curse
 n - a scroll of random uselessness
 p - 3 scrolls of enchant weapon
 t - 2 scrolls of fog
 v - a scroll of magic mapping
 y - a scroll of enchant armour
 z - a scroll of blinking {unknown}
Potions
 q - 2 potions of might
 w - a potion of agility
 x - 3 potions of curing
Miscellaneous
 B - a lightning rod (4/4)
Comestibles
 f - 20 rations
 A - 3 chunks of flesh


   Skills:
 + Level 5.6 Fighting
 + Level 9.1 Axes
 - Level 1.7 Throwing
 + Level 6.1 Armour
 + Level 3.4 Dodging
 * Level 5.6 Evocations


You had 8 spell levels left.
You didn't know any spells.
Your spell library was empty.

Dungeon Overview and Level Annotations

Branches:
Dungeon (8/15)             Temple (1/1) D:7
   Lair: D:8-11

Altars:
Ashenzari
Cheibriados
Dithmenos
Elyvilon
Hepliaklqana
Kikubaaqudgha
Makhleb
Nemelex Xobeh
Okawaru
Qazlal
Ru
Sif Muna
Trog
Uskayaw
Vehumet
Wu Jian
Xom
Yredelemnul
Zin
The Shining One

Shops:
D:4 (


Innate Abilities, Weirdness & Mutations

You have claws for feet.
You are partially covered in large bone plates. (SH +4)
When hurt, damage is shared between your health and your magic reserves.
You have a pair of small horns on your head.
Armour fits poorly on your strangely shaped body.
You are occasionally teleported next to monsters.
Your spells are a little easier to cast, but a little less powerful.


Message History

* * * LOW HITPOINT WARNING * * *
The eight-headed hydra bites you.
* * * LOW HITPOINT WARNING * * *
The eight-headed hydra bites you.
* * * LOW HITPOINT WARNING * * *
Evoke which item? (* to show all) (? for menu, Esc to quit)
Aiming: Thunderbolt
Press: ? - help, Shift-Dir - straight line, f - eight-headed hydra
Aim: an eight-headed hydra
Okay, then.
Evoke which item? (* to show all) (? for menu, Esc to quit)
Aiming: Phantom Mirror
Press: ? - help, Dir - move target cursor, f - eight-headed hydra
Aim: an eight-headed hydra You reflect the eight-headed hydra with the mirror, and the mirror shatters!
The ogre hits you but does no damage.
The eight-headed hydra barely misses you.
You block the eight-headed hydra's attack.
The eight-headed hydra bites you.
You die...

.###.###.###
#.#.#.##.## .........#
#...##.#... ####.#####
##.#(.##.## #.#
##.##)..##.## #.#
##.##))#..##.# ####.#
##.##..)##..##. .....#
##.##..#..##..## ######
##.##..##...##..#
##.##..##@.#..##..
#.##..##.DO#..:##.
#..##..##D.##|##..
#.#.##..##..###..#
#.##.##..##..#..##
#....O##..##...##.
###..#.##..##.##.#
#########.###.##..###.#
#.........# ##.##..#..


You could see an eight-headed hydra, 2 ogres and a friendly eight-headed hydra.

Vanquished Creatures
  A centaur warrior (D:8)
  A slime creature (D:8)
  A wyvern (D:8)
  Menkaure (D:5)
  The ghost of spacerossing the Shield-Bearer, an amateur GrFi (D:3)
  A water moccasin (D:7)
  Duvessa (D:6)
  A sky beast (D:5)
  A phantom (D:4)
  A hornet zombie (D:8)
  3 centaurs
  4 bullfrogs
  3 scorpions
  Dowan (D:6)
  2 howler monkeys
  3 wights (D:8)
  3 crimson imps
  4 jellies
  6 orc priests
  12 orc wizards
  A bullfrog skeleton (D:4)
  Jessica (D:7)
  4 iguanas
  4 worker ants
  A worker ant zombie (D:7)
  A howler monkey zombie (D:7)
  9 adders
  4 gnolls (D:3)
  5 oozes (D:8)
  An adder skeleton (D:4)
  3 worms
  A dart slug (D:1)
  3 leopard geckos
  21 orcs
  2 giant cockroaches
  4 goblins
  6 hobgoblins
  14 jackals
  3 kobolds
  A quokka (D:7)
  2 ball pythons
  A bat (D:2)
  2 frilled lizards
  A quokka skeleton (D:6)
  3 rats
149 creatures vanquished.

Notes
Turn   | Place    | Note
-------+----------+-------------------------------------------
     0 | D:1      | Revguard the Demonspawn Gladiator began the quest for the
                  | Orb.
     0 | D:1      | Reached XP level 1. HP: 16/16 MP: 1/1
    73 | D:1      | Reached skill level 3 in Axes
    90 | D:1      | Gained mutation: You have sharp toenails. [demonic
                  | ancestry]
    90 | D:1      | Reached XP level 2. HP: 10/22 MP: 2/2
   138 | D:1      | You fall through a shaft!
   210 | D:2      | Found a shadowy altar of Dithmenos.
   212 | D:2      | Found a glowing golden altar of the Shining One.
   232 | D:2      | Reached XP level 3. HP: 12/27 MP: 3/3
   517 | D:2      | HP: 1/27 [poisoned by a goblin]
   902 | D:2      | Found a bloodstained altar of Trog.
   916 | D:2      | Became a worshipper of Trog the Wrathful
  1647 | D:3      | Found a large runed translucent door.
  1649 | D:3      | Found a large runed translucent door.
  1651 | D:3      | Noticed spacerossing's ghost (amateur GrFi)
  1929 | D:3      | Reached XP level 4. HP: 29/33 MP: 4/4
  1931 | D:3      | Reached skill level 4 in Axes
  1945 | D:3      | Reached skill level 1 in Armour
  2225 | D:3      | Gained mutation: You have razor-sharp toenails. [demonic
                  | ancestry]
  2225 | D:3      | Reached XP level 5. HP: 34/39 MP: 5/5
  2511 | D:3      | Killed spacerossing's ghost
  2511 | D:3      | Gained mutation: When hurt, damage is shared between your
                  | health and your magic reserves. [demonic ancestry]
  2511 | D:3      | Reached XP level 6. HP: 11/46 MP: 6/6
  3003 | D:4      | Reached skill level 5 in Axes
  3264 | D:4      | Found Reamy's Antique Weapon Emporium.
  3283 | D:4      | Reached * piety under Trog
  3418 | D:4      | Reached XP level 7. HP: 46/52 MP: 5/7
  4277 | D:5      | Entered Level 5 of the Dungeon
  4307 | D:5      | Reached skill level 6 in Axes
  4404 | D:5      | Found an iron altar of Okawaru.
  4579 | D:5      | Noticed Menkaure
  4585 | D:5      | Killed Menkaure
  4585 | D:5      | Reached skill level 1 in Evocations
  4678 | D:5      | Found an ancient bone altar of Kikubaaqudgha.
  4790 | D:5      | Gained mutation: You have claws for feet. [demonic
                  | ancestry]
  4790 | D:5      | Reached XP level 8. HP: 46/60 MP: 6/9
  4877 | D:6      | Noticed Dowan
  4886 | D:6      | Killed Dowan
  4896 | D:6      | Noticed Duvessa
  4905 | D:6      | Killed Duvessa
  4952 | D:6      | Reached skill level 7 in Axes
  5066 | D:6      | Reached ** piety under Trog
  5140 | D:6      | Found a glowing silver altar of Zin.
  5154 | D:6      | Found a deep blue altar of Sif Muna.
  5201 | D:6      | Gained mutation: Your spells are a little easier to cast,
                  | but a little less powerful. [potion of mutation]
  5201 | D:6      | Gained mutation: You are resistant to electric shocks.
                  | (rElec) [potion of mutation]
  5201 | D:6      | Gained mutation: Your system is resistant to poisons.
                  | (rPois) [potion of mutation]
  5952 | D:7      | Reached skill level 5 in Armour
  6057 | D:7      | Gained mutation: You are partially covered in large bone
                  | plates. (SH +4) [demonic ancestry]
  6057 | D:7      | Reached XP level 9. HP: 40/67 MP: 11/11
  6304 | D:7      | Reached skill level 8 in Axes
  6575 | D:7      | Found a staircase to the Ecumenical Temple.
  6590 | Temple   | Entered the Ecumenical Temple
  6687 | D:7      | Found a sparkling altar of Nemelex Xobeh.
  6687 | D:7      | Noticed Jessica
  6697 | D:7      | Killed Jessica
  6868 | D:8      | Reached skill level 5 in Fighting
  7104 | D:8      | Reached skill level 5 in Evocations
  7152 | D:8      | Lost mutation: You are resistant to electric shocks.
                  | (rElec) [potion of mutation]
  7152 | D:8      | Lost mutation: Your system is resistant to poisons. (rPois)
                  | [potion of mutation]
  7152 | D:8      | Gained mutation: You are occasionally teleported next to
                  | monsters. [potion of mutation]
  7152 | D:8      | Gained mutation: Armour fits poorly on your strangely
                  | shaped body. [potion of mutation]
  7152 | D:8      | Gained mutation: You have a pair of small horns on your
                  | head. [potion of mutation]
  7169 | D:8      | Noticed a centaur warrior
  7190 | D:8      | Reached *** piety under Trog
  7207 | D:8      | Killed a centaur warrior
  7207 | D:8      | Reached skill level 9 in Axes
  7228 | D:8      | Noticed an eight-headed hydra
  7240 | D:8      | HP: 3/68 [eight-headed hydra (1)]
  7240 | D:8      | HP: 1/68 [eight-headed hydra (2)]
  7241 | D:8      | Slain by an eight-headed hydra

Skill      XL: |  1  2  3  4  5  6  7  8  9 |
---------------+----------------------------+-----
Axes           | 3 4 5 6 7 9 |  9.1
Dodging        | 3 |  3.4
Armour         | 1 2 3 4 5 6 |  6.1
Fighting       | 3 4 5 |  5.6
Evocations     | 1 3 5 |  5.6
Throwing       | |  1.7

Action                   |  1- 3 |  4- 6 |  7- 9 || total
-------------------------+-------+-------+-------++-------
Melee: War axe           |    84 |    83 |   382 ||   549
       Kick              |    16 |    22 |   121 ||   159
       Headbutt          |       |       |     6 ||     6
Invok: Berserk           |       |     1 |     5 ||     6
       Trog's Hand       |       |       |     5 ||     5
Evoke: Wand              |       |       |     4 ||     4
       Phantom mirror    |       |       |     1 ||     1
  Use: Potion            |     5 |       |     3 ||     8
       Scroll            |       |       |    11 ||    11
  Eat: Ration            |     1 |     1 |     1 ||     3
       Chunk             |       |     2 |    15 ||    17
Armor: Leather armour    |    16 |       |       ||    16
       Plate armour      |    31 |    84 |   267 ||   382
Dodge: Dodged            |    60 |    24 |   203 ||   287
Block: Other             |       |       |    21 ||    21
